 Dungeon Sprint DCSS version 0.30-a0-51-g784eafce7f (webtiles) character file.

Game seed: 9858624728308724786

9282 Zeld the Severer (level 11, -10/150 HPs)
             Began as a Minotaur Berserker on Sept 6, 2022.
             Was a High Priest of Trog.
             Mangled by a ten-headed hydra (11 damage)
             ... while paralysed by a floating eye
             ... in the Dungeon (Sprint I: "Red Sonja").
             The game lasted 00:03:25 (3216 turns).

Zeld the Severer (Minotaur Berserker)               Turns: 3216, Time: 00:03:25

Health: -10/150    AC:  5    Str: 24    XL:     11   Next: 21%
Magic:  8/8        EV:  2    Int:  2    God:    Trog [*****.]
Gold:   443        SH:  0    Dex:  8    Spells: 10/10 levels left

rFire   + . .      SeeInvis .    a - +4 battleaxe (flame)
rCold   . . .      Faith    .    (shield currently unavailable)
rNeg    . . .      Spirit   .    b - +0 animal skin
rPois   .          Reflect  .    (helmet restricted)
rElec   .          Harm     .    (no cloak)
rCorr   .          Rampage  +    (no gloves)
Will    .....      NoTele   +    l - +1 pair of boots {rampage}
Stlth   ..........               (no amulet)
HPRegen 0.35/turn                (no ring)
MPRegen 0.11/turn                (no ring)

@: paralysed, berserking, unable to read
A: horns 2, retaliatory headbutt, clumsy 1, deformed body, dopey 1, fire
resistance 1, frail 1, low MP 1, screaming 2, weak 1, inability to read after
injury 2
a: Renounce Religion, Berserk, Trog's Hand, Brothers in Arms


You were in the Dungeon.
You worshipped Trog.
Trog was extremely pleased with you.
You visited 1 branch You collected 945 gold pieces.
You spent 502 gold pieces at shops.

Inventory:

Hand Weapons
 a - a +4 battleaxe of flaming (weapon)
Armour
 b - a +0 animal skin (worn)
 l - a +1 pair of boots of rampaging (worn)
Wands
 i - a wand of acid (6)
 m - a wand of roots (4)
Scrolls
 h - a scroll of blinking
 j - a scroll of identify
 n - a scroll of fear
Potions
 c - 7 potions of curing
 d - a potion of heal wounds
 e - 2 potions of haste
 f - 2 potions of magic
 g - a potion of berserk rage
 k - a potion of lignification
 o - a potion of might {unknown}


   Skills:
 + Level 15.2 Fighting
 * Level 20.6 Axes
 + Level 15.0 Armour
 + Level 13.9 Dodging


You had 10 spell levels left.
You didn't know any spells.
Your spell library was empty.

Dungeon Overview and Level Annotations

Branches:
Dungeon (1/1)

Altars:
Cheibriados
Dithmenos
Elyvilon
Fedhas
Gozag
Hepliaklqana
Kikubaaqudgha
Makhleb
Nemelex Xobeh
Okawaru
Qazlal
Ru
Sif Muna
Trog
Uskayaw
Vehumet
Wu Jian
Xom
Yredelemnul
Zin
The Shining One
Jiyva
Lugonu

Shops:
D [*![(([


Innate Abilities, Weirdness & Mutations

You have a pair of horns on your head.
You reflexively headbutt those who attack you in melee.
You are clumsy. (Dex -2)
Armour fits poorly on your strangely shaped body.
You are dopey. (Int -2)
Your flesh is heat resistant. (rF+)
You are frail. (-10% HP)
Your magical capacity is low. (-10% MP)
You frequently scream uncontrollably at your foes.
You are weak. (Str -2)
You sometimes lose the ability to read scrolls when taking damage.


Message History

You feel threatened and lose the ability to read scrolls!
The 12-headed hydra barely misses you. x2
The 12-headed hydra closely misses you.
You barely miss the 12-headed hydra.
The 12-headed hydra is lightly wounded.
The 12-headed hydra completely misses you.
The 12-headed hydra closely misses you. The 12-headed hydra barely misses you.
The 12-headed hydra bites you. The 12-headed hydra bites you!
The 12-headed hydra barely misses you.
The 12-headed hydra bites you but does no damage.
The 12-headed hydra bites you!
The 12-headed hydra completely misses you. x2
The 12-headed hydra misses you. The 12-headed hydra bites you!
You hack one of the 12-headed hydra's heads off!
The flame cauterises the wound!
You slice the 11-headed hydra!! You burn the 11-headed hydra.
You headbutt the 11-headed hydra!!
The 11-headed hydra is almost dead.
Unknown command.
You chop one of the 11-headed hydra's heads off!
The flame cauterises the wound!
You hit the ten-headed hydra. You burn the ten-headed hydra.
The ten-headed hydra is almost dead.
The floating eye gazes piercingly through you!
You suddenly lose the ability to move!
The ten-headed hydra bites you! The ten-headed hydra bites you.
The ten-headed hydra bites you!
* * * LOW HITPOINT WARNING * * *
The ten-headed hydra bites you!
* * * LOW HITPOINT WARNING * * *
The ten-headed hydra bites you!
* * * LOW HITPOINT WARNING * * *
The ten-headed hydra bites you but does no damage.
The ten-headed hydra bites you.
* * * LOW HITPOINT WARNING * * *
The ten-headed hydra bites you.
* * * LOW HITPOINT WARNING * * *
The ten-headed hydra bites you!
* * * LOW HITPOINT WARNING * * *
The ten-headed hydra bites you!
You die...

#####################
..#§.#...)†..§§§@DG$#
..##'#§####§§§§§##$.+
..'..#.# ##§.§## ##
###§§§.# ###+# #+####
#.# .○○ #.. #○°.. ##.
###.°. .# .○.# ##


You could see a ten-headed hydra and a floating eye.

Vanquished Creatures
  Sonja (D)
  A deep troll (D)
  A lindwurm (D)
  8 shining eyes (D)
  A gargoyle (D)
  4 demonic crawlers (D)
  2 kobold demonologists (D)
  A slime creature (D)
  Sigmund (D)
  13 hogs (D)
  A yak (D)
  5 floating eyes (D)
  An ogre (D)
  A jelly (D)
  Ijyb (D)
  A ballistomycete spore (D)
43 creatures vanquished.

Vanquished Creatures (others)
  A gargoyle (D)
  A ballistomycete spore (D)
2 creatures vanquished.

Grand Total: 45 creatures vanquished

Notes
Turn   | Place    | Note
-------+----------+-------------------------------------------
     0 | D        | Zeld the Minotaur Berserker began the quest for the Orb.
     0 | D        | Reached XP level 1. HP: 19/19 MP: 0/0
     1 | D        | Noticed Ijyb
    11 | D        | Killed Ijyb
    12 | D        | Reached skill level 5 in Axes
    12 | D        | Reached XP level 2. HP: 10/28 MP: 1/1
   438 | D        | Noticed an ogre
   441 | D        | Killed an ogre
   442 | D        | Reached skill level 7 in Axes
   442 | D        | Reached skill level 5 in Armour
   442 | D        | Reached XP level 3. HP: 37/37 MP: 2/2
   442 | D        | Reached XP level 4. HP: 44/44 MP: 3/3
   678 | D        | Noticed Sigmund
   685 | D        | Killed Sigmund
   685 | D        | Reached ** piety under Trog
   686 | D        | Reached skill level 10 in Axes
   686 | D        | Reached XP level 5. HP: 52/52 MP: 4/4
   686 | D        | Reached XP level 6. HP: 60/60 MP: 5/5
   913 | D        | Found a burning altar of Makhleb.
   913 | D        | Found a viscous altar of Jiyva.
   913 | D        | Found a shimmering altar of Xom.
   913 | D        | Found a corrupted altar of Lugonu.
   913 | D        | Noticed a slime creature
   919 | D        | Killed a slime creature
   920 | D        | Reached skill level 11 in Axes
  1210 | D        | Killed a gargoyle
  1487 | D        | Noticed a kobold demonologist
  1487 | D        | Noticed a floating eye
  1487 | D        | Noticed a kobold demonologist
  1489 | D        | Killed a floating eye
  1490 | D        | Reached skill level 12 in Axes
  1490 | D        | Reached XP level 7. HP: 70/70 MP: 6/6
  1493 | D        | Noticed an ice devil
  1493 | D        | Killed a kobold demonologist
  1494 | D        | Reached skill level 13 in Axes
  1495 | D        | Noticed a chaos spawn
  1499 | D        | Killed a kobold demonologist
  1499 | D        | Reached *** piety under Trog
  1500 | D        | Reached skill level 10 in Fighting
  1500 | D        | Reached XP level 8. HP: 79/79 MP: 7/7
  1548 | D        | Found an ornate altar of the Wu Jian Council.
  1548 | D        | Found a shimmering blue altar of Sif Muna.
  1552 | D        | Found a radiant altar of Vehumet.
  1677 | D        | Found Beihomno's Antique Armour Emporium.
  1677 | D        | Found an ancient bone altar of Kikubaaqudgha.
  1677 | D        | Found a hazy altar of Hepliaklqana.
  1677 | D        | Found a stormy altar of Qazlal.
  1677 | D        | Found a hide-covered altar of Uskayaw.
  1677 | D        | Found a blossoming altar of Fedhas.
  1677 | D        | Found a bloodstained altar of Trog.
  1677 | D        | Found an iron altar of Okawaru.
  1677 | D        | Found a basalt altar of Yredelemnul.
  1677 | D        | Found a glowing golden altar of the Shining One.
  1677 | D        | Found a snail-covered altar of Cheibriados.
  1677 | D        | Found a sacrificial altar of Ru.
  1677 | D        | Found a glowing silver altar of Zin.
  1677 | D        | Found a shadowy altar of Dithmenos.
  1677 | D        | Found a white marble altar of Elyvilon.
  1678 | D        | Found an opulent altar of Gozag.
  1683 | D        | Reached skill level 14 in Axes
  1683 | D        | Reached skill level 10 in Armour
  1683 | D        | Found a sparkling altar of Nemelex Xobeh.
  1687 | D        | Bought a pair of glowing boots for 240 gold pieces
  1719 | D        | Noticed Sonja
  1722 | D        | Killed Sonja
  1722 | D        | Reached **** piety under Trog
  1723 | D        | Reached skill level 15 in Axes
  1723 | D        | Reached skill level 10 in Dodging
  1998 | D        | Found Jushog's Antique Armour Boutique.
  2008 | D        | Noticed a shining eye
  2008 | D        | Noticed a shining eye
  2008 | D        | Noticed a shining eye
  2008 | D        | Noticed a shining eye
  2008 | D        | Noticed a shining eye
  2008 | D        | Noticed a shining eye
  2010 | D        | Gained mutation: Your magical capacity is low. (-10% MP) [a
                  | shining eye]
  2012 | D        | Reached XP level 9. HP: 89/89 MP: 7/7
  2012 | D        | Gained mutation: You are weak. (Str -2) [a shining eye]
  2014 | D        | Killed a shining eye
  2014 | D        | Gained mutation: You occasionally lose the ability to read
                  | scrolls when taking damage. [a shining eye]
  2015 | D        | Reached skill level 16 in Axes
  2015 | D        | Gained mutation: You occasionally shout uncontrollably at
                  | your foes. [a shining eye]
  2016 | D        | Killed a shining eye
  2018 | D        | Gained mutation: Your flesh is heat resistant. (rF+) [a
                  | shining eye]
  2020 | D        | Killed a shining eye
  2020 | D        | Gained mutation: You are dopey. (Int -2) [a shining eye]
  2021 | D        | Reached skill level 17 in Axes
  2022 | D        | Gained mutation: You are frail. (-10% HP) [a shining eye]
  2023 | D        | Killed a shining eye
  2023 | D        | Reached ***** piety under Trog
  2024 | D        | Gained mutation: You frequently scream uncontrollably at
                  | your foes. [a shining eye]
  2026 | D        | Gained mutation: You are clumsy. (Dex -2) [a shining eye]
  2027 | D        | Killed a shining eye
  2028 | D        | Reached XP level 10. HP: 90/90 MP: 8/8
  2030 | D        | Killed a shining eye
  2031 | D        | Reached skill level 18 in Axes
  2032 | D        | Noticed a shining eye
  2032 | D        | Noticed a shining eye
  2035 | D        | Gained mutation: Armour fits poorly on your strangely
                  | shaped body. [a shining eye]
  2036 | D        | Received a gift from Trog
  2040 | D        | Killed a shining eye
  2040 | D        | Gained mutation: You sometimes lose the ability to read
                  | scrolls when taking damage. [a shining eye]
  2042 | D        | Killed a shining eye
  2327 | D        | Found Ilaps's Weapon Shop.
  2327 | D        | Found Wogape's General Store.
  2327 | D        | Found Liniydor's Weapon Boutique.
  2327 | D        | Found Womomm's Distillery.
  2333 | D        | Bought a scroll of identify for 22 gold pieces
  2333 | D        | Bought a potion of haste for 110 gold pieces
  2333 | D        | Bought a scroll of identify for 22 gold pieces
  2335 | D        | Bought a potion of curing for 36 gold pieces
  2335 | D        | Bought 2 potions of curing for 72 gold pieces
  2423 | D        | Noticed a deep troll
  2427 | D        | Killed a deep troll
  2428 | D        | Reached skill level 19 in Axes
  2489 | D        | Found Dyurcheo's Armour Emporium.
  2576 | D        | Noticed a gargoyle
  2583 | D        | Killed a gargoyle
  2920 | D        | Noticed a lindwurm
  2928 | D        | Killed a lindwurm
  3059 | D        | Reached skill level 20 in Axes
  3062 | D        | Reached XP level 11. HP: 87/99 MP: 8/8
  3072 | D        | Reached skill level 15 in Fighting
  3077 | D        | Received a gift from Trog
  3089 | D        | Reached skill level 15 in Armour
  3211 | D        | Noticed a 12-headed hydra
  3215 | D        | Paralysed by a floating eye for 2 turns
  3216 | D        | HP: 1/150 [ten-headed hydra (15)]
  3216 | D        | Mangled by a ten-headed hydra

Illustrated notes

Levels and vault maps discovered:
D:        dungeon_sprint_1 [red_sonja_temple_1, red_sonja_temple_small_1]

Skill      XL: |  1  2  3  4  5  6  7  8  9 10 11 |
---------------+----------------------------------+-----
Fighting       | 4 6 7 9 10 11 13 14 15 | 15.2
Axes           | 5 7 10 12 13 15 17 20 | 20.6
Armour         | 3 5 7 8 9 11 12 14 15 | 15.0
Dodging        | 3 4 6 7 9 10 11 13 | 13.9

Action                   |  1- 3 |  4- 6 |  7- 9 | 10-12 || total
-------------------------+-------+-------+-------+-------++-------
Melee: Hand axe          |     6 |     5 |     9 |       ||    20
       Headbutt          |     1 |     2 |     6 |    21 ||    30
       Halberd           |       |     5 |    24 |    12 ||    41
       Battleaxe         |       |       |       |    62 ||    62
Invok: Berserk           |     2 |     3 |     1 |     3 ||     9
       Brothers in Arms  |       |       |       |     2 ||     2
Evoke: Wand              |       |       |     3 |       ||     3
  Use: Scroll            |       |       |       |     2 ||     2
Armor: Animal skin       |       |       |       |     9 ||     9
Dodge: Dodged            |     2 |     3 |     6 |    42 ||    53

Table legend: (Time is in decaauts)
 A = Elapsed time spent in this place.
 B = Non-inter-level travel time spent in this place.
 C = Inter-level travel time spent in this place.
 D = Time resting spent in this place.
 E = Time spent auto-exploring this place.
 F = Levels seen in this place.
 G = Mean time per level.
                   A        B        C        D        E       F      G
               +--------+--------+--------+--------+--------+-----+--------+
         Total |   3268 |   3268 |      0 |   2830 |     13 |   1 | 3268.0 |
       Dungeon |   3268 |   3268 |      0 |   2830 |     13 |   1 | 3268.0 |
               +--------+--------+--------+--------+--------+-----+--------+

Top non-repeatable levels by time:
       D: 3268 daAuts
